 Dungeon Crawl Stone Soup version 0.19-a0-1457-g32fba05 (webtiles) character file.

5570 kae the Fencer (level 10, 0/77 HPs)
             Began as a Minotaur Fighter on Sept 6, 2016.
             Was a Believer of Makhleb.
             Killed by vampiric draining
             ... invoked by Josephine
              (7 damage)
             ... on level 9 of the Dungeon.
             The game lasted 00:10:53 (9344 turns).

kae the Fencer (Minotaur Fighter)                   Turns: 9344, Time: 00:10:55

Health: 0/77       AC: 12    Str: 22    XL:     10   Next: 44%
Magic:  19/23      EV:  9    Int:  7    God:    Makhleb [**....]
Gold:   761        SH:  9    Dex: 10    Spells: 0 memorised, 9 levels left

rFire  . . .     SeeInvis .     i - +1 double sword (freeze)
rCold  . . .     Gourm    .     b - +0 scale mail
rNeg   . . .     Faith    +     c - +0 shield
rPois  .         Spirit   .     (helmet restricted)
rElec  .         Dismiss  .     p - +1 cloak
rCorr  +         Reflect  .     e - +1 pair of gloves
MR     .....     Harm     .     n - +0 pair of boots
Stlth  ..........               q - amulet of faith
                                x - ring of resist corrosion
                                w - ring of magical power

@: slowed, drained, very slow
A: retaliatory headbutt, horns 2, repulsion field 1
a: Minor Destruction, Renounce Religion


You were on level 9 of the Dungeon.
You worshipped Makhleb.
Makhleb was pleased with you.
You were hungry.

You visited 2 branches of the dungeon, and saw 11 of its levels.
You also visited: Ossuary.

You collected 761 gold pieces.

Inventory:

Hand Weapons
 i - a +1 double sword of freezing (weapon)
 P - a +1 long sword
Armour
 b - a +0 scale mail (worn)
 c - a +0 shield (worn)
 e - a +1 pair of gloves (worn)
 n - a +0 pair of boots (worn)
 p - a +1 cloak (worn)
Jewellery
 q - an amulet of faith (around neck)
 w - a ring of magical power (left hand)
 x - a ring of resist corrosion (right hand)
Wands
 a - a wand of acid (4/15)
 D - a wand of acid (7/15)
 F - a wand of polymorph (10/24)
 Q - a wand of iceblast (7/15)
Scrolls
 g - 5 scrolls of recharging
 h - 4 scrolls of magic mapping
 s - 5 scrolls of enchant weapon
 A - 2 scrolls of enchant armour
Potions
 d - 2 potions of might
 k - 2 potions of ambrosia
 l - 3 potions of mutation
 m - 2 potions of resistance
 r - a potion of magic
 u - 2 potions of flight
 z - 6 potions of curing
 B - 2 potions of haste
 C - a potion of cancellation {unknown}
 G - a potion of lignification {unknown}
 J - 3 potions of brilliance
 R - a potion of heal wounds
Books
 y - a book of Dreams

   Spells                             Type                      Level
   a - Ensorcelled Hibernation        Hexes/Ice                    2
   b - Silence                        Hexes/Air                    5
   c - Darkness                       Hexes                        6
   d - Shadow Creatures               Summoning                    6
 U - a book of Minor Magic

   Spells                             Type                      Level
   a - Magic Dart                     Conjuration                  1
   b - Blink                          Translocation                2
   c - Call Imp                       Summoning                    2
   d - Repel Missiles                 Charms/Air                   2
   e - Slow                           Hexes                        2
   f - Conjure Flame                  Conjuration/Fire             3
   g - Mephitic Cloud                 Conjuration/Poison/Air       3
Comestibles
 f - 5 bread rations
 t - 3 meat rations
 v - 3 fruits
 H - 2 beef jerkies


   Skills:
 - Level 3.6(2.5) Fighting
 * Level 15.6(14.1) Long Blades
 - Level 3.6(2.5) Armour
 - Level 3.6(2.5) Shields
 + Level 7.2(5.9) Invocations


You had 9 spell levels left.
You didn't know any spells.

Dungeon Overview and Level Annotations

Branches:
Dungeon (10/15)            Temple (1/1) D:7
   Lair: D:8-11         Orc: D:9-12

Altars:
Ashenzari
Cheibriados
Dithmenos
Elyvilon
Fedhas
Gozag
Hepliaklqana
Kikubaaqudgha
Makhleb
Nemelex Xobeh
Okawaru
Qazlal
Ru
Sif Muna
Trog
Uskayaw
Vehumet
Xom
Yredelemnul
Zin
The Shining One
Lugonu

Annotations:
D:9 Josephine


Innate Abilities, Weirdness & Mutations

You reflexively headbutt those who attack you in melee.
You have a pair of horns on your head.
You are surrounded by a mild repulsion field. (EV +2)


Message History

Josephine is almost dead.
You block the wraith's attack.
Josephine is infused with unholy energy.
Josephine draws life force from you and is healed!
Unknown command.
You barely miss Josephine.
Josephine is almost dead.
You block the wraith's attack. Josephine casts a spell at you.
The ghostly flame explodes!
The ghostly fireball engulfs you!
You feel drained.
* * * LOW HITPOINT WARNING * * *
The ghostly fireball engulfs Josephine.
Josephine completely resists.
The ghostly fireball engulfs the wraith.
The wraith completely resists.
The wraith hits you but does no damage.
You are too injured to fight recklessly!
You closely miss Josephine.
You headbutt Josephine, but do no damage.
Josephine is almost dead.
Josephine is infused with unholy energy.
You die...

###..........######
#...#######..##....
###.....# #..#...##
#.......# #...###.#
#....<..# #...###..
#.......# #...#.#..
###.....# #........
#@..#######.###.##.
##@(........# #.##.
#W########## #.##.
#.# #####.##. #.#
#........ ######.#
#.###.... #...##.#
#.# ##### #...##.#
#.# ####[..##.# #.#
#........)# #>#


You could see Josephine and a wraith.

Vanquished Creatures
  Maurice (D:8)
  An efreet (D:8)
  The ghost of poirepourri the Covert, a novice SpEn of Dithmenos (D:6)
  Prince Ribbit (D:7)
  Sigmund (D:2)
  2 wraiths (D:10)
  A hungry ghost (D:9)
  A hippogriff (D:8)
  The ghost of heinrich the Slasher, an amateur HESk (D:3)
  2 orc warriors
  2 sky beasts
  2 ice beasts
  A phantom (D:4)
  2 black bears
  5 ogres
  A centaur (D:8)
  A crocodile (D:8)
  2 big kobolds (D:9)
  3 giant frogs
  A wyvern skeleton (D:7)
  2 scorpions
  6 killer bees (D:9)
  8 wights
  4 howler monkeys
  2 crimson imps
  2 hounds
  3 giant frog skeletons
  Crazy Yiuf (D:7)
  3 orc priests
  5 orc wizards
  A centaur skeleton (D:4)
  4 iguanas
  8 worker ants
  A big kobold zombie (Ossuary)
  8 mummies (Ossuary)
  A hound skeleton (D:6)
  A howler monkey zombie (D:9)
  A howler monkey skeleton (D:9)
  3 gnolls (D:6)
  5 adders
  4 worms
  2 giant geckos
  33 orcs
  2 ball pythons
  7 bats
  2 giant cockroaches
  3 gnoll zombies (Ossuary)
  12 goblins
  5 hobgoblins
  6 jackals
  12 kobolds
  3 quokkas
  A ball python skeleton (D:4)
  A giant cockroach zombie (D:5)
  2 giant gecko skeletons
  A giant newt (D:4)
  2 hobgoblin zombies (Ossuary)
  A jackal skeleton (D:4)
  A kobold zombie (Ossuary)
  An orc zombie (Ossuary)
  6 rats
208 creatures vanquished.

Notes
Turn   | Place    | Note
-------+----------+-------------------------------------------
     0 | D:1      | kae the Minotaur Fighter began the quest for the Orb.
     0 | D:1      | Reached XP level 1. HP: 19/19 MP: 0/0
   113 | D:1      | Reached skill level 3 in Long Blades
   147 | D:1      | Reached XP level 2. HP: 19/26 MP: 1/1
   696 | D:1      | Reached skill level 4 in Long Blades
   963 | D:2      | Reached XP level 3. HP: 31/31 MP: 2/2
  1322 | D:2      | Noticed Sigmund
  1333 | D:2      | Killed Sigmund
  1333 | D:2      | Reached skill level 7 in Long Blades
  1333 | D:2      | Reached XP level 4. HP: 28/39 MP: 3/3
  1333 | D:2      | Reached XP level 5. HP: 33/45 MP: 4/4
  1504 | D:2      | Found a deep blue altar of Sif Muna.
  1547 | D:2      | Found a blossoming altar of Fedhas.
  1589 | D:2      | Found a bloodstained altar of Trog.
  1663 | D:3      | Noticed heinrich's ghost (amateur HESk)
  1674 | D:3      | Killed heinrich's ghost
  1674 | D:3      | Reached skill level 8 in Long Blades
  1674 | D:3      | Reached XP level 6. HP: 39/51 MP: 5/5
  1704 | D:3      | Found a white marble altar of Elyvilon.
  1861 | D:3      | Noticed an angel
  1862 | D:3      | Found a shimmering altar of Xom.
  1862 | D:3      | Found a glowing silver altar of Zin.
  2398 | D:4      | Reached skill level 9 in Long Blades
  2427 | D:4      | Found a sand-covered staircase.
  2490 | D:4      | Reached XP level 7. HP: 32/57 MP: 6/6
  2503 | Ossuary  | Entered an ossuary
  2575 | Ossuary  | Reached skill level 10 in Long Blades
  3111 | D:5      | Entered Level 5 of the Dungeon
  3310 | D:5      | Found a sparkling altar of Nemelex Xobeh.
  3313 | D:5      | Found an opulent altar of Gozag.
  3313 | D:5      | Found a hazy altar of Hepliaklqana.
  3316 | D:5      | Found a basalt altar of Yredelemnul.
  3464 | D:5      | Reached skill level 11 in Long Blades
  3464 | D:5      | Reached XP level 8. HP: 64/64 MP: 7/7
  3933 | D:6      | Noticed poirepourri's ghost (novice SpEn)
  4254 | D:6      | Killed poirepourri's ghost
  4254 | D:6      | Reached skill level 12 in Long Blades
  4700 | D:6      | Reached skill level 13 in Long Blades
  5181 | D:7      | Found a shadowy altar of Dithmenos.
  5253 | D:7      | Reached XP level 9. HP: 63/70 MP: 8/8
  5302 | D:7      | Found a staircase to the Ecumenical Temple.
  5326 | Temple   | Entered the Ecumenical Temple
  5371 | Temple   | Became a worshipper of Makhleb the Destroyer
  5435 | D:7      | Found a stormy altar of Qazlal.
  5460 | D:7      | Reached skill level 14 in Long Blades
  5614 | D:7      | Noticed Prince Ribbit
  5646 | D:7      | Found a shattered altar of Ashenzari.
  5661 | D:7      | Reached skill level 1 in Invocations
  5745 | D:7      | Found a runed door.
  6162 | D:7      | Noticed Crazy Yiuf
  6165 | D:7      | Killed Crazy Yiuf
  6259 | D:8      | Found an iron altar of Okawaru.
  6275 | D:8      | Noticed Maurice
  6464 | D:7      | Killed Prince Ribbit
  6693 | D:8      | Reached skill level 5 in Invocations
  6859 | D:7      | Identified a scroll of acquirement
  6876 | D:8      | Reached * piety under Makhleb
  7020 | D:8      | Noticed an efreet
  7028 | D:8      | Killed an efreet
  7661 | D:8      | Killed Maurice
  7661 | D:8      | Reached XP level 10. HP: 37/77 MP: 13/13
  8142 | D:9      | Reached skill level 15 in Long Blades
  8162 | D:9      | Found an iron altar of Okawaru.
  8223 | D:9      | Reached ** piety under Makhleb
  8971 | D:10     | Entered Level 10 of the Dungeon
  9003 | D:10     | Noticed Josephine
  9329 | D:9      | Gained mutation: You are surrounded by a mild repulsion field. (EV +2) [potion of beneficial mutation]
  9344 | D:9      | Killed from afar by Josephine

Vault maps used:
D:1:      mrwooster_arrival_statue_3
D:2:      old_standard_altar, lemuel_blue_sif_altar, trog_book, uniq_sigmund
D:3:      grunt_temple_overflow_order_and_chaos_1, first_bread,
          minmay_misc_feat_nine_boxes, elyvilon_altar_4
D:4:      nicolae_ossuary_entry_ruins, minmay_misc_feat_room
D:5:      marbit_many_paths, grunt_temple_overflow_open,
          grunt_decor_mini_mirrors, minmay_stone_trees_small,
          nicolae_zen_rock_garden
D:7:      nicolae_qazlal_general_emergency, nicolae_ashenzari_panopticon,
          grunt_dithmenos_smoke_and_mirrors, uniq_prince_ribbit1,
          uniq_crazy_yiuf_cottage
D:8:      overflow_temple_1_default, minmay_door_square, uniq_maurice
D:9:      basic_altar
D:10:     due_lair_maze_entry_diamond, uniq_sonja, uniq_erolcha, uniq_josephine,
          uniq_grum, uniq_urug
Temple:   corrupted_temple
Ossuary:  ossuary_tomb_3

Skill      XL: |  1  2  3  4  5  6  7  8  9 10 |
---------------+-------------------------------+-----
Long Blades    | 3 4 7 8 9 11 13 14 15 | 15.6
Invocations    | 6 7 |  7.2
Fighting       | |  3.6
Armour         | |  3.6
Shields        | |  3.6

Action                   |  1- 3 |  4- 6 |  7- 9 | 10-12 || total
-------------------------+-------+-------+-------+-------++-------
Melee: Long sword        |    84 |    85 |   407 |       ||   576
       Headbutt          |    17 |    12 |    70 |    25 ||   124
       Double sword      |       |       |    43 |   141 ||   184
Evoke: Wand              |       |       |     1 |       ||     1
  Use: Scroll            |       |     8 |    12 |     6 ||    26
       Potion            |       |       |     3 |     1 ||     4
  Eat: Chunk             |     1 |     4 |     8 |     5 ||    18
       Meat ration       |       |       |     1 |       ||     1
       Bread ration      |       |       |     1 |       ||     1
       Fruit             |       |       |     1 |       ||     1
Armor: Scale mail        |    18 |    27 |   146 |    29 ||   220
Dodge: Dodged            |    20 |    21 |    74 |    28 ||   143
Block: Shield            |    33 |    46 |   158 |    45 ||   282
